AoeStats
← KEIYILOK

Golden Pit

510089998Analyzed
1v1 RM · 4d ago on Sep 29, 2026· 57m 37s· 2 players
Game mode
Random Map
Map size
Tiny (2 player)
Population
200
Speed
Normal
Resources
Standard
Victory
Conquest
Starting age
Dark Age
Ending age
Imperial Age
RankedLock teamsTeams togetherTeam positionsShared explorationLock speedFull tech treeHidden civsTurbo modeCheats
Victory
Defeat
🇭🇰 Varangians · Hong Kong SAR China
1082
+15
🇬🇷 Malians · Greece
1056
-15
KEIYILOK
9:27 Feudal Age
10:09 Loom
11:29 Double-Bit Axe
14:44 Wheelbarrow
16:39 Forging
20:55 Castle Age
19:04 Horse Collar
20:18 Gold Mining
20:39 Scale Barding Armor
20:53 Bloodlines
21:07 Scale Barding Armor
22:22 Scale Barding Armor
28:00 Scale Barding Armor
30:15 Chain Barding Armor
34:20 Hand Cart
35:26 Stone Mining
36:06 Fletching
37:00 Bodkin Arrow
37:02 Elite Skirmisher
40:48 Imperial Age
38:42 Husbandry
39:10 Bow Saw
40:50 Cavalier
41:28 Bodkin Arrow
42:33 Plate Barding Armor
43:30 Chemistry
43:53 Forging
45:12 Padded Archer Armor
46:48 Iron Casting
47:06 Bracer
47:57 Conscription
47:47 Light Cavalry
48:41 Stone Mining
48:53 Heavy Plow
51:11 Two-Man Saw
50:42 Crop Rotation
50:49 Stone Shaft Mining
50:40 Ballistics
52:09 Blast Furnace
51:16 Light Cavalry
52:22 Siege Engineers
52:01 Treadmill Crane
51:48 Cranequins
53:04 Leather Archer Armor
54:11 Hussar
54:26 Heavy Mounted Crossbowman
56:33 Ring Archer Armor
55:56 Guard Tower
56:44 Siege Engineers
Dr. Hawamagun Amis-Yu
10:17 Feudal Age
8:33 Loom
10:26 Man-at-Arms
12:29 Arson
14:22 Double-Bit Axe
22:21 Castle Age
24:41 Wheelbarrow
33:51 Squires
39:07 Scale Mail Armor
38:58 Fletching
44:49 Imperial Age
43:21 Sanctity
47:28 Chain Mail Armor
47:09 Bodkin Arrow
48:47 Plate Mail Armor
51:35 Chemistry
51:15 Block Printing
52:01 Conscription
51:54 Masonry
52:06 Ballistics
55:03 Elite Gbeto
55:29 Horse Collar
57:02 Bow Saw
57:28 Architecture
Connection lost

Rejoining the realm…

Still unreachable

The connection could not be restored.

Session expired

The server has moved on; the page needs a fresh start.